 Dungeon Crawl Stone Soup version 0.23.2-1-ga50397a6bc (webtiles) character file.

Game seed: 14249354828812019586

733 Mrkan the Grappler (level 7, 67/67 HPs)
             Began as a Troll Monk on May 14, 2019.
             Was a Believer of Trog.
             Starved to death
             ... on level 5 of the Dungeon.
             The game lasted 00:08:50 (3907 turns).

Mrkan the Grappler (Troll Monk)                     Turns: 3907, Time: 00:08:51

Health: 67/67      AC:  7    Str: 20    XL:     7   Next: 45%
Magic:  6/6        EV: 11    Int:  8    God:    Trog [**....]
Gold:   204        SH:  0    Dex: 14    Spells: 6/6 levels left

rFire    . . .     SeeInvis .     - Unarmed
rCold    . . .     Gourm    +   (no shield)
rNeg     . . .     Faith    .   a - +0 robe
rPois    .         Spirit   .   (helmet restricted)
rElec    .         Reflect  .   w - +0 cloak
rCorr    .         Harm     .   (gloves unavailable)
MR       .....                  (boots unavailable)
Stlth    +.........             (no amulet)
HPRegen  0.61/turn              (no ring)
MPRegen  0.10/turn              (no ring)

@: fainting
A: large, unfitting armour, claws 3, hooves 1, agile 1, deterioration 1, fast
metabolism 3, gourmand, high mp 1, regeneration 1, shaggy fur 1, tough skin 3
a: Berserk, Trog's Hand, Renounce Religion


You were on level 5 of the Dungeon.
You worshipped Trog.
Trog was pleased with you.
You were fainting.

You visited 2 branches of the dungeon, and saw 6 of its levels.

You collected 204 gold pieces.

Inventory:

Hand Weapons
 v - a +4 quarterstaff of chaos
 x - the +8 whip "Snakebite" {curare, rPois}
   (You found it on level 5 of the Dungeon)

   It poisons the flesh of those it strikes.
   It protects you from poison.
 y - a cursed -2 blowgun
Missiles
 p - 14 poisoned needles
Armour
 a - a +0 robe (worn)
 w - a +0 cloak (worn)
Jewellery
 g - an uncursed ring of protection from fire {unknown}
 h - an uncursed amulet of harm {unknown}
 m - a +2 ring of intelligence {unknown}
Scrolls
 d - 5 scrolls of identify {unknown}
 e - a scroll of immolation {unknown}
 j - a scroll of magic mapping {unknown}
 k - a scroll of enchant weapon {unknown}
 l - 2 scrolls of enchant armour {unknown}
 n - 2 scrolls of teleportation {unknown}
 o - 2 scrolls of remove curse {unknown}
 r - a scroll of blinking {unknown}
Potions
 b - a potion of haste
 c - a potion of might
 f - a potion of brilliance {unknown}
 i - a potion of flight {unknown}
 q - a potion of berserk rage {unknown}
 s - a potion of degeneration {unknown}
 t - 2 potions of agility {unknown}
 u - a potion of lignification {unknown}
 z - a potion of magic {unknown}


   Skills:
 + Level 3.2 Fighting
 - Level 2.7 Dodging
 - Level 1.0 Stealth
 * Level 8.3 Unarmed Combat


You had 6 spell levels left.
You didn't know any spells.
Your spell library was empty.

Dungeon Overview and Level Annotations

Branches:
Dungeon (5/15)             Temple (1/1) D:4

Altars:
Cheibriados
Dithmenos
Elyvilon
Fedhas
Makhleb
Nemelex Xobeh
Trog
Uskayaw
Vehumet
Wu Jian
Xom
Yredelemnul
The Shining One


Innate Abilities, Weirdness & Mutations

You are too large for most types of armour.
You have claws for hands.
Your metabolism is lightning-fast.
You like to eat raw meat.
Your natural rate of healing is unusually fast.
You are covered in fur. (AC +1)
You have extremely tough skin. (AC +3)
You have large cloven feet.
You are agile. (Dex +2)
Your body sometimes deteriorates upon taking damage.
You have an increased reservoir of magic. (+10% MP)


Message History

You open the door.
There is a stone staircase leading up here.
You are starving!
d - 5 scrolls labeled YZXEUD CEDIFFE (gained 1)
You need to eat something NOW!
You need to eat something NOW!
You aren't carrying any food.
Found a mace.
Found 18 gold pieces.
Found a runed blowgun.
You see here a runed blowgun.
y - a runed blowgun You are fainting from starvation!
You lose consciousness!
You can move again.
You lose consciousness!
You can move again.
Found 10 gold pieces.
Found a white marble altar of Elyvilon.
You have starved to death.
You die...

....##.#..# # #
#.##.#..# 8.$.8 #
#.......# ##_## ##.
###.##.##.# #######..
####
....##.##.####......##
#..#
#.#.##.##......#.....#
##.#
#.#.##.##.####......##
#.#
.....................#
#.#
................@....#
#..
.#######..#####.####.#
#.# ..........# #.#
#.# ########..# #.#
#.# #......# #.# #.#
#.###..# #.. #.#
####.###..# ### ###.#
........<.###### #...#
####.####......# #.###


There were no monsters in sight!

Vanquished Creatures
  2 ogres (D:4)
  A scorpion (D:5)
  A hound (D:5)
  Crazy Yiuf (D:5)
  An orc wizard (D:4)
  4 iron imps
  Natasha (thrice) (D:4)
  5 worker ants
  5 adders
  3 worms
  2 dart slugs
  7 leopard geckos
  6 orcs
  5 bats
  4 giant cockroaches
  7 goblins
  4 hobgoblins (D:3)
  2 jackals (D:1)
  2 quokkas
  3 frilled lizards (D:1)
  8 kobolds
  6 rats
82 creatures vanquished.

Notes
Turn   | Place    | Note
-------+----------+-------------------------------------------
     0 | D:1      | Mrkan the Troll Monk began the quest for the Orb.
     0 | D:1      | Reached XP level 1. HP: 22/22 MP: 0/0
   125 | D:1      | Reached XP level 2. HP: 29/29 MP: 1/1
  1113 | D:2      | Reached XP level 3. HP: 33/36 MP: 2/2
  1176 | D:2      | Reached skill level 4 in Unarmed Combat
  1207 | D:2      | Reached XP level 4. HP: 44/44 MP: 3/3
  1998 | D:3      | Found a sparkling altar of Nemelex Xobeh.
  2136 | D:3      | Reached skill level 5 in Unarmed Combat
  2199 | D:3      | Found a shadowy altar of Dithmenos.
  2547 | D:4      | Noticed Natasha
  2551 | D:4      | Reached XP level 5. HP: 51/52 MP: 4/4
  2553 | D:4      | Noticed an ogre
  2555 | D:4      | Killed Natasha
  2650 | D:4      | Killed an ogre
  2650 | D:4      | Reached skill level 6 in Unarmed Combat
  2650 | D:4      | Reached XP level 6. HP: 13/61 MP: 5/5
  2723 | D:4      | Found a hide-covered altar of Uskayaw.
  2730 | D:4      | Noticed Natasha
  2744 | D:4      | Killed Natasha
  2768 | D:4      | Found a staircase to the Ecumenical Temple.
  2775 | D:4      | Reached skill level 7 in Unarmed Combat
  2804 | Temple   | Entered the Ecumenical Temple
  2869 | Temple   | Became a worshipper of Trog the Wrathful
  2869 | Temple   | Reached * piety under Trog
  2869 | Temple   | Reached ** piety under Trog
  3022 | D:4      | Found a burning altar of Makhleb.
  3039 | D:4      | Reached XP level 7. HP: 31/67 MP: 6/6
  3103 | D:4      | Noticed Natasha
  3110 | D:4      | Killed Natasha
  3224 | D:5      | Entered Level 5 of the Dungeon
  3275 | D:5      | Reached skill level 8 in Unarmed Combat
  3277 | D:5      | HP: 3/67 [poisoned by a scorpion]
  3278 | D:5      | Gained mutation: You are agile. (Dex +2) [potion of
                  | mutation]
  3278 | D:5      | Gained mutation: You have large cloven feet. [potion of
                  | mutation]
  3278 | D:5      | Gained mutation: Your body sometimes deteriorates upon
                  | taking damage. [potion of mutation]
  3278 | D:5      | Gained mutation: You have an increased reservoir of magic.
                  | (+10% MP) [potion of mutation]
  3282 | D:5      | HP: 3/67 [poisoned by a scorpion]
  3636 | D:5      | Found a runed translucent door.
  3637 | D:5      | Found the +8 whip "Snakebite" {curare, rPois}
  3637 | D:5      | Noticed Crazy Yiuf
  3646 | D:5      | Killed Crazy Yiuf
  3745 | D:5      | Found a snail-covered altar of Cheibriados.
  3869 | D:5      | Paralysed by fainting for 7 turns
  3879 | D:5      | Paralysed by fainting for 8 turns
  3904 | D:5      | Found a white marble altar of Elyvilon.
  3907 | D:5      | Starved to death

Skill      XL: |  1  2  3  4  5  6  7 |
---------------+----------------------+-----
Unarmed Combat | 4 5 6 7 8 |  8.3
Fighting       | 3 |  3.2
Dodging        | |  2.7
Stealth        | |  1.0

Action                   |  1- 3 |  4- 6 |  7- 9 || total
-------------------------+-------+-------+-------++-------
Melee: Unarmed           |    75 |    99 |    45 ||   219
       Punch             |       |     4 |     3 ||     7
       Kick              |       |       |     5 ||     5
Invok: Trog's Hand       |       |       |     1 ||     1
  Use: Potion            |       |       |     2 ||     2
 Stab: Sleeping          |     5 |     3 |     1 ||     9
  Eat: Ration            |     2 |     2 |     1 ||     5
       Chunk             |     1 |     9 |     3 ||    13
Armor: Robe              |    23 |    28 |     8 ||    59
Dodge: Dodged            |    36 |    48 |    12 ||    96
